 Dungeon Sprint DCSS version 0.17-a0-1691-g18a3847 (webtiles) character file.

6600000 patman the Axe Maniac (level 27, -34/273 HPs)
             Began as a Ghoul Warper on Aug 20, 2015.
             Was the Champion of Makhleb.
             Annihilated by a destroyer
             ... wielding a +9 great sword of slicing
              (69 damage)
             ... in the Dungeon (Sprint VIII: "Arena of Blood").
             The game lasted 00:03:39 (66 turns).

patman the Axe Maniac (Ghoul Warper)                  Turns: 66, Time: 00:03:39

Health: -34/273    AC:  6    Str: 19    XL:     27
Magic:  31/53      EV: 32    Int:  8    God:    Makhleb [******]
Gold:   0          SH:  0    Dex: 17    Spells: 1 memorised, 79 levels left

rFire  . . .     SeeInvis +     l - +∞ Axe of Woe
rCold  + . .     Clarity  .     b - +0 leather armour
rNeg   + + +     SustAt   .     (no shield)
rPois  ∞         Gourm    .     (no helmet)
rElec  .         Spirit   .     (no cloak)
rCorr  .         Warding  .     (no gloves)
rMut   .         NoTele   +     (no boots)
MR     ++...                    (no amulet)
Stlth  +++++++++.               (no ring)
                                m - ring of see invisible

@: rotting, very resistant to hostile enchantments, incredibly stealthy
A: rotting body, claws 1, carnivore 3, cold resistance 1, negative energy
resistance 3, slow healing 1, torment resistance, unbreathing
a: Minor Destruction, Lesser Servant of Makhleb, Major Destruction, Greater
Servant of Makhleb, Renounce Religion


You were in the Dungeon.
You worshipped Makhleb.
Makhleb was exalted by your worship.
You were not hungry.

You visited 1 branch

Inventory:

Hand weapons
 a - a +0 hand axe
 l - the +∞ Axe of Woe (weapon)
   (You found it in the Dungeon)
Missiles
 e - 5 tomahawks of dispersal (quivered)
Armour
 b - a +0 leather armour (worn)
Jewellery
 m - a ring of see invisible (left claw)
Scrolls
 d - 2 scrolls of blinking
Potions
 g - a potion of curing
 h - a potion of heal wounds
 i - a potion of haste
 j - 2 potions of magic
 k - a potion of berserk rage
Books
 c - a book of Spatial Translocations

   Spells                             Type                      Level
   a - Apportation                    Translocation                1
   b - Blink                          Translocation                2
   c - Shroud of Golubria             Charms/Translocation         2
   d - Portal Projectile              Translocation                3
   e - Teleport Other                 Translocation                3
   f - Passage of Golubria            Translocation                4
Comestibles
 f - a meat ration


   Skills:
 O Level 27 Fighting
 O Level 27 Axes
 O Level 27 Throwing
 O Level 27 Armour
 O Level 27 Dodging
 O Level 27 Stealth
 O Level 27 Unarmed Combat
 O Level 27 Spellcasting
 O Level 27 Translocations
 O Level 27 Invocations


You had 79 spell levels left.
You knew the following spells:

 Your Spells              Type           Power        Failure   Level  Hunger
a - Apportation           Tloc           ######....   0%          1    None


Dungeon Overview and Level Annotations

Branches:
Dungeon (1/1)

Altars:
Makhleb


Innate Abilities, Weirdness & Mutations

Your body is rotting away.
You thrive on raw meat.
You are immune to poison.
You have sharp fingernails.
You are carnivorous and can eat meat at any time.
Your flesh is cold resistant.
You are immune to negative energy.
You heal slowly when monsters are visible.
You are immune to unholy pain and torment.
You can survive without breathing.


Message History

Okay, then.
Unknown command.
Really walk into that cloud of flame? 2 orcs, a wraith and a skeletal warrior come into view.
You are engulfed in roaring flames.
The bag of meat shouts!
You hear a shout!
The meat berserker rages.
You hear a shout! x2
The bag of meat moves out of view.
You hear a shout! x2
The corpses meld into agglomerations of writhing flesh!
You hear a shout! x5
The large abomination is engulfed in roaring flames.
The large abomination barely misses you.
You hear a shout!
The meat berserker rages.
The destroyer hits you with a +9 great sword of slicing!!!!!
Ouch! That really hurt!
* * * LOW HITPOINT WARNING * * *
You die...

#.....#.......
#_.<._#...o.... .....z.
.#.....#...%o.#.#.#.....
...._......O§o........W.
...###))....x..#.#.#oo#.
#....)).###.......o..#..
#.....))#....oV%..Oo.o#
#.......#.....)XxVo..#oz
.........%...§VO@C.O...C
....%%....O.#§X§#Co.oo.#
%%z..z.))).#).).#...o.##
.....§)§)##....o#.....#
......xx#...§..#....##.o
.....§§§#.M.###....#. .
.#....)))).......#....
.......................
..#.....####.........


You could see an accursed, 3 destroyers, 2 sculptors of flesh, 3 large bags of
meat, 2 large abominations, a dread (wandering), 5 meat berserkers, 2 small
abominations and 17 bags of meat.

Vanquished Creatures
  A greater mummy (D)
  Harold (D)
  8 vampire knights (D)
  16 ogres (D)
  2 liches (D)
  39 orcs (D)
  5 hill giants (D)
  A skeletal warrior (D)
  3 large abominations (D)
  A small abomination (D)
  A crawling corpse (D)
78 creatures vanquished.

Vanquished Creatures (others)
  5 crawling corpses (D)
5 creatures vanquished.

Grand Total: 83 creatures vanquished

Notes
Turn   | Place    | Note
--------------------------------------------------------------
     0 | D        | patman the Ghoul Warper began the quest for the Orb.
     0 | D        | Reached XP level 1. HP: 17/17 MP: 2/2
     3 | D        | Noticed a bag of meat
     3 | D        | Noticed a bag of meat
     4 | D        | Became a worshipper of Makhleb the Destroyer
     5 | D        | Noticed a meat berserker
     5 | D        | Noticed a bag of meat
     6 | D        | Noticed a meat berserker
     7 | D        | Noticed a bag of meat
     7 | D        | Killed a meat berserker
     7 | D        | Reached skill level 27 in Axes
     7 | D        | Reached XP level 2. HP: 14/34 MP: 3/3
     7 | D        | Reached XP level 3. HP: 16/39 MP: 4/4
     7 | D        | Reached XP level 4. HP: 19/47 MP: 5/5
     7 | D        | Reached XP level 5. HP: 21/52 MP: 6/6
     7 | D        | Reached XP level 6. HP: 24/60 MP: 7/7
     7 | D        | Reached XP level 7. HP: 26/66 MP: 8/8
     7 | D        | Reached XP level 8. HP: 28/73 MP: 9/9
     7 | D        | Reached XP level 9. HP: 30/79 MP: 10/10
     7 | D        | Reached XP level 10. HP: 32/86 MP: 11/11
     7 | D        | Reached XP level 11. HP: 34/92 MP: 12/12
     7 | D        | Reached XP level 12. HP: 36/100 MP: 13/13
     7 | D        | Reached XP level 13. HP: 37/105 MP: 14/14
     7 | D        | Killed a bag of meat
     7 | D        | Acquired Makhleb's first power
     7 | D        | Reached XP level 14. HP: 38/141 MP: 15/15
     7 | D        | Noticed a bag of meat
     8 | D        | Noticed a bag of meat
     8 | D        | Noticed a bag of meat
     8 | D        | Noticed a bag of meat
     8 | D        | Noticed a bag of meat
     8 | D        | Killed a bag of meat
     9 | D        | Noticed a bag of meat
     9 | D        | Noticed a bag of meat
     9 | D        | Killed a meat berserker
     9 | D        | Acquired Makhleb's second power
     9 | D        | Reached skill level 27 in Fighting
     9 | D        | Reached XP level 15. HP: 59/174 MP: 16/16
    10 | D        | Noticed a meat berserker
    10 | D        | Noticed a bag of meat
    10 | D        | Killed a bag of meat
    10 | D        | Reached XP level 16. HP: 107/183 MP: 17/17
    11 | D        | Noticed a bag of meat
    11 | D        | Noticed a bag of meat
    12 | D        | Noticed a bag of meat
    12 | D        | Killed a bag of meat
    12 | D        | Acquired Makhleb's third power
    12 | D        | Killed a bag of meat
    14 | D        | Noticed a meat berserker
    14 | D        | Killed a bag of meat
    14 | D        | Acquired Makhleb's fourth power
    14 | D        | Reached XP level 17. HP: 191/191 MP: 18/18
    14 | D        | Killed a meat berserker
    14 | D        | Reached skill level 27 in Dodging
    14 | D        | Killed a bag of meat
    14 | D        | Reached XP level 18. HP: 200/200 MP: 19/19
    15 | D        | Killed a meat berserker
    15 | D        | Acquired Makhleb's fifth power
    16 | D        | Noticed a meat berserker
    16 | D        | Killed a bag of meat
    16 | D        | Killed a bag of meat
    16 | D        | Reached skill level 27 in Translocations
    16 | D        | Reached XP level 19. HP: 207/207 MP: 20/20
    16 | D        | Killed a bag of meat
    17 | D        | Killed a bag of meat
    17 | D        | Killed a bag of meat
    18 | D        | Noticed a meat berserker
    18 | D        | Killed a meat berserker
    18 | D        | Reached skill level 27 in Armour
    18 | D        | Reached XP level 20. HP: 216/216 MP: 21/21
    20 | D        | Noticed a bag of meat
    20 | D        | Killed a bag of meat
    20 | D        | Killed a bag of meat
    21 | D        | Noticed a meat berserker
    21 | D        | Noticed a large bag of meat
    22 | D        | Noticed a bag of meat
    22 | D        | Noticed a bag of meat
    22 | D        | Noticed a bag of meat
    22 | D        | Noticed a bag of meat
    23 | D        | Noticed a bag of meat
    23 | D        | Noticed a bag of meat
    23 | D        | Noticed a large bag of meat
    25 | D        | Killed a meat berserker
    25 | D        | Reached skill level 27 in Stealth
    25 | D        | Reached XP level 21. HP: 224/224 MP: 22/22
    26 | D        | Noticed a bag of meat
    27 | D        | Killed a bag of meat
    27 | D        | Killed a bag of meat
    27 | D        | Killed a meat berserker
    27 | D        | Killed a bag of meat
    27 | D        | Reached skill level 27 in Throwing
    27 | D        | Reached skill level 10 in Invocations
    28 | D        | Noticed a bag of meat
    28 | D        | Noticed a bag of meat
    28 | D        | Noticed a bag of meat
    28 | D        | Noticed a destroyer
    28 | D        | Noticed a destroyer
    29 | D        | Killed a bag of meat
    29 | D        | Reached XP level 22. HP: 203/233 MP: 22/34
    29 | D        | Killed a bag of meat
    29 | D        | Killed a bag of meat
    29 | D        | Killed a bag of meat
    29 | D        | Reached skill level 27 in Invocations
    29 | D        | Killed a destroyer
    29 | D        | Reached XP level 23. HP: 240/240 MP: 22/46
    31 | D        | Killed a destroyer
    31 | D        | Killed a large bag of meat
    31 | D        | Reached skill level 27 in Spellcasting
    31 | D        | Killed a large bag of meat
    31 | D        | Reached skill level 15 in Unarmed Combat
    32 | D        | Killed a bag of meat
    33 | D        | Noticed The Servant
    35 | D        | Noticed a meat berserker
    35 | D        | Killed a bag of meat
    35 | D        | Reached XP level 24. HP: 188/249 MP: 22/53
    35 | D        | Killed a bag of meat
    35 | D        | Reached skill level 27 in Unarmed Combat
    38 | D        | Noticed a sculptor of flesh
    38 | D        | Killed a bag of meat
    40 | D        | Noticed a destroyer
    40 | D        | Killed The Servant
    40 | D        | Killed a destroyer
    40 | D        | Reached XP level 25. HP: 257/257 MP: 24/53
    41 | D        | Noticed a destroyer
    42 | D        | Noticed a large bag of meat
    43 | D        | Noticed a bag of meat
    43 | D        | Noticed a bag of meat
    44 | D        | Noticed a large bag of meat
    44 | D        | Noticed a bag of meat
    44 | D        | Noticed a bag of meat
    45 | D        | Noticed a bag of meat
    45 | D        | Noticed a meat berserker
    45 | D        | Noticed a destroyer
    46 | D        | Noticed a meat berserker
    46 | D        | Noticed a bag of meat
    47 | D        | Noticed a bag of meat
    47 | D        | Noticed a meat berserker
    47 | D        | Noticed an accursed
    47 | D        | Killed a large bag of meat
    47 | D        | Killed a meat berserker
    48 | D        | Noticed a large bag of meat
    49 | D        | Noticed a bag of meat
    49 | D        | Noticed a tyrant
    49 | D        | Killed a destroyer
    49 | D        | Killed a meat berserker
    49 | D        | Reached XP level 26. HP: 266/266 MP: 27/53
    50 | D        | Noticed a bag of meat
    50 | D        | Noticed a bag of meat
    50 | D        | Killed a bag of meat
    51 | D        | Noticed a destroyer
    51 | D        | Noticed a bag of meat
    52 | D        | Killed a bag of meat
    52 | D        | Killed a meat berserker
    52 | D        | Killed a bag of meat
    52 | D        | Killed a destroyer
    52 | D        | Reached XP level 27. HP: 273/273 MP: 27/53
    53 | D        | Noticed a meat berserker
    54 | D        | Noticed a bag of meat
    54 | D        | Killed a meat berserker
    54 | D        | Killed a bag of meat
    54 | D        | Killed a bag of meat
    55 | D        | Noticed a meat berserker
    55 | D        | Noticed a meat berserker
    55 | D        | Killed a large bag of meat
    55 | D        | Killed a bag of meat
    55 | D        | Killed a bag of meat
    56 | D        | Killed a bag of meat
    57 | D        | Noticed a bag of meat
    57 | D        | Noticed a destroyer
    57 | D        | Killed a bag of meat
    57 | D        | Killed a sculptor of flesh
    57 | D        | Killed a bag of meat
    58 | D        | Noticed a bag of meat
    58 | D        | Noticed a destroyer
    58 | D        | Noticed a bag of meat
    58 | D        | Killed a bag of meat
    58 | D        | Killed a large bag of meat
    59 | D        | Noticed a meat berserker
    59 | D        | Noticed a large bag of meat
    59 | D        | Killed a destroyer
    59 | D        | Killed a bag of meat
    60 | D        | Noticed a meat berserker
    60 | D        | Noticed a destroyer
    60 | D        | Noticed a tyrant
    60 | D        | Killed a meat berserker
    60 | D        | Killed a tyrant
    61 | D        | Noticed a bag of meat
    61 | D        | Killed a destroyer
    61 | D        | Killed a meat berserker
    62 | D        | Noticed a meat berserker
    62 | D        | Noticed a meat berserker
    62 | D        | Noticed a destroyer
    62 | D        | Noticed a bag of meat
    62 | D        | Noticed a bag of meat
    62 | D        | Noticed a bag of meat
    62 | D        | Noticed a large bag of meat
    62 | D        | Noticed a destroyer
    63 | D        | Noticed a bag of meat
    63 | D        | Noticed a bag of meat
    63 | D        | Noticed an accursed
    63 | D        | Killed a meat berserker
    63 | D        | Killed a tyrant
    63 | D        | Killed a destroyer
    64 | D        | Noticed a bag of meat
    64 | D        | Noticed a meat berserker
    64 | D        | Noticed a bag of meat
    64 | D        | Noticed a bag of meat
    64 | D        | Killed an accursed
    64 | D        | Killed a bag of meat
    64 | D        | Killed a meat berserker
    65 | D        | Noticed a meat berserker
    65 | D        | Noticed a bag of meat
    65 | D        | Noticed a meat berserker
    65 | D        | Killed a bag of meat
    65 | D        | Killed a meat berserker
    66 | D        | Noticed a bag of meat
    66 | D        | Noticed a bag of meat
    66 | D        | Noticed a bag of meat
    66 | D        | Noticed a large bag of meat
    66 | D        | Noticed a bag of meat
    66 | D        | Noticed a bag of meat
    66 | D        | Noticed a dread
    66 | D        | Noticed a sculptor of flesh
    66 | D        | Annihilated by a destroyer

Vault maps used:
D:        meatsprint

Action                   |  1- 3 |  4- 6 |  7- 9 | 10-12 | 13-15 | 16-18 | 19-21 | 22-24 | 25-27 || total
-------------------------+-------+-------+-------+-------+-------+-------+-------+-------+-------++-------
Melee: Executioner's axe |     1 |       |       |       |     3 |     4 |     6 |     5 |    15 ||    34
 Cast: Apportation       |       |       |       |       |       |       |       |     1 |       ||     1
